 Dungeon Crawl Stone Soup version 0.28-a0-445-g51f8dfeb47 (webtiles) character file.

Game seed: 11496284671701783932

26898 Conn the Destroyer (level 13, -2/73 HPs)
             Began as an Octopode Fire Elementalist on Sept 12, 2021.
             Was a Priest of Sif Muna.
             Slain by a death yak (22 damage)
             ... on level 11 of the Dungeon.
             The game lasted 00:52:11 (15033 turns).

Conn the Destroyer (Octopode Fire Elementalist)    Turns: 15033, Time: 00:52:11

Health: -2/73      AC:  3    Str:  8    XL:     13   Next: 28%
Magic:  16/27      EV: 13    Int: 28    God:    Sif Muna [***...]
Gold:   703        SH:  0    Dex: 12    Spells: 12/32 levels left

rFire   + . .      SeeInvis .   d - +5 dagger (protect)
rCold   . . .      Faith    .   (no shield)
rNeg    . . .      Spirit   .   o - +2 hat
rPois   +          Reflect  .   s - amulet of magic regeneration
rElec   +          Harm     .   f - ring of willpower
rCorr   +          Rampage  .   m - ring of wizardry
Will    +....                   b - ring of protection from fire
Stlth   +++++.....              h - +6 ring of intelligence
HPRegen 0.22/turn               i - ring "Iticutes" {rElec rPois rCorr}
MPRegen 0.45/turn               (no ring)
                                (no ring)
                                (no ring)

@: no status effects
A: almost no armour, amphibious, 8 rings, camouflage 1, gelatinous body 1,
(nimble swimmer 1), tentacles
a: Renounce Religion, Channel Magic, Forget Spell


You were on level 11 of the Dungeon.
You worshipped Sif Muna.
Sif Muna was most pleased with you.
You visited 3 branches of the dungeon, and saw 14 of its levels.
You also visited: Sewer.

You collected 1465 gold pieces.
You spent 762 gold pieces at shops.

Inventory:

Hand Weapons
 a - a +0 dagger
 c - a +1 dagger of venom
 d - a +5 dagger of protection (weapon)
 y - the +4 rapier of Jeodie {elec, +Rage rC+ MP-9 Int+3}
   (You found it on level 8 of the Dungeon)

   It occasionally discharges a powerful burst of electricity upon striking a
   foe.
   Int:       It affects your intelligence (+3).
   rC:        It protects you from cold.
   MP:        It affects your magic capacity (-9).
   +Rage:     It lets you go berserk.
Armour
 o - a +2 hat (worn)
Jewellery
 b - a ring of protection from fire (on tentacle)
 f - a ring of willpower (left tentacle)
 h - a +6 ring of intelligence (on tentacle)
 i - the ring "Iticutes" (on tentacle) {rElec rPois rCorr}
   (You bought it in a shop on level 2 of the Orcish Mines)

   [ring of poison resistance]

   rElec:     It insulates you from electricity.
   rPois:     It protects you from poison.
   rCorr:     It protects you from acid and corrosion.
 m - a ring of wizardry (right tentacle)
 s - an amulet of magic regeneration (around mantle)
Wands
 u - a wand of paralysis (7)
 v - a wand of iceblast (17)
Scrolls
 e - 3 scrolls of magic mapping
 j - 8 scrolls of teleportation
 k - 2 scrolls of fear
 q - a scroll of amnesia
Potions
 g - 3 potions of curing
 l - a potion of magic
 n - 3 potions of cancellation
 p - a potion of heal wounds
 t - 2 potions of flight
 w - a potion of might
 z - 2 potions of berserk rage
 A - a potion of ambrosia


   Skills:
 + Level 1.3 Fighting
 + Level 3.8 Short Blades
 + Level 3.2 Dodging
 + Level 8.7 Stealth
 + Level 10.2 Spellcasting
 * Level 13.9 Conjurations
 + Level 4.1 Hexes
 + Level 10.3 Fire Magic


You had 12 spell levels left.
You knew the following spells:

 Your Spells              Type           Power      Damage    Failure   Level
a - Foxfire               Conj/Fire      100%       2x1d9     1%          1
b - Conjure Flame         Conj/Fire      70%        6-21      1%          3
c - Inner Flame           Hex/Fire       53%        N/A       1%          3
d - Sticky Flame          Conj/Fire      70%        2d8       1%          4
e - Fireball              Conj/Fire      35%        3d15      1%          5
f - Flame Wave            Conj/Fire      70%        3d12      1%          4

Your spell library contained the following spells:

 Spells                   Type           Power      Damage    Failure   Level
 Sandblast                Erth           28%        2d8       1%          1
 Sting                    Tmut/Pois      56%        1d5       1%          1
 Scorch                   Fire           100%       2d10      1%          2
 Static Discharge         Conj/Air       52%        N/A       1%          2
 Stone Arrow              Conj/Erth      100%       3d13      1%          3
 Iskenderun's Battlesphe  Conj           75%        2d12      1%          5
 Passwall                 Tmut/Erth      11%        N/A       2%          2
 Poisonous Vapours        Pois/Air       28%        N/A       2%          2
 Sublimation of Blood     Necr           7%         N/A       2%          2
 Irradiate                Conj/Tmut      26%        3d22      2%          5
 Orb of Destruction       Conj           37%        9d13      4%          7
 Conjure Ball Lightning   Conj/Air       26%        3x3d7     14%         6
 Dispel Undead            Necr           14%        3d10      16%         4
 Olgreb's Toxic Radiance  Pois           14%        N/A       16%         4
 Passage of Golubria      Tloc           N/A        N/A       16%         4
 Petrify                  Tmut/Erth      14%        N/A       16%         4
 Silence                  Hex/Air        12%        N/A       19%         5
 Lehudib's Crystal Spear  Conj/Erth      26%        10d7      99%         8


Dungeon Overview and Level Annotations

Branches:
Dungeon (11/15)            Temple (1/1) D:5            Lair (0/6) D:11
    Orc (2/2) D:10            Elf (0/3) Orc:2         Sewer (visited)

Altars:
Ashenzari
Cheibriados
Dithmenos
Elyvilon
Fedhas
Gozag
Hepliaklqana
Kikubaaqudgha
Makhleb
Nemelex Xobeh
Okawaru
Qazlal
Ru
Sif Muna
Trog
Uskayaw
Vehumet
Wu Jian
Xom
Yredelemnul
Zin
The Shining One
Beogh

Shops:
D:5 *[   D:10 [   Orc:2 ?*![

Annotations:
D:6 1 runed translucent door, Teewurst's ghost, novice DsGl


Innate Abilities, Weirdness & Mutations

You cannot wear most types of armour.
You are amphibious.
You can wear up to eight rings at the same time.
Your skin changes colour to match your surroundings (Stealth+).
Your rubbery body absorbs attacks. (AC +1, EV +1)
((You are camouflaged near water. (Stealth+)))
You have tentacles for arms and can constrict up to eight enemies at once.


Message History

Unknown command.
Casting: Sticky Flame (safe; 1% risk of failure)
Confirm with . or Enter, or press ? or * to list all spells.
Aiming: Inner Flame (safe; 1% risk of failure)
Press: ? - help, Shift-Dir - straight line, f - death yak
Aim: a death yak (flame, moderately wounded, chance to affect: 38%)
The death yak resists with some effort.
The death yak is engulfed in blazing flames.
Unknown command.
Casting: Inner Flame (safe; 1% risk of failure)
Confirm with . or Enter, or press ? or * to list all spells.
Aiming: Sticky Flame (safe; 1% risk of failure)
Press: ? - help, Shift-Dir - straight line, f/p - death yak
Aim: a death yak (flame, heavily wounded, 100% to hit)
The sticky flame hits the death yak!
The death yak is heavily wounded.
The death yak is covered in liquid flames!
The death yak burns!
The death yak is engulfed in blazing flames. x2
The death yak gores you!
You hit the death yak but do no damage.
The death yak is heavily wounded.
The death yak burns!
The death yak is engulfed in blazing flames. x2
The death yak gores you!
Unknown command.
The death yak burns!
The death yak is engulfed in blazing flames. x2
The death yak burns!
The death yak burns!
The death yak completely misses you.
The death yak burns!
The death yak gores you!!
* * * LOW HITPOINT WARNING * * *
The death yak burns!
The death yak burns!
You kill the death yak!
Sif Muna accepts your kill.
Okay, then.
Okay, then.
The death yak gores you!!
You die...

###########
##############(........#
................Y......#
..........†.....Y..#####
................@..#
..###+##...........# ..+
.#...........# .Y#
..#........#### Y.#
[...#.##....#
..#........#....#
.<..............#
...........#....#
....Y...#.......#


You could see 2 death yaks.

Vanquished Creatures
  An ettin (Orc:1)
  Erolcha (Orc:1)
  4 two-headed ogres
  4 death yaks (D:11)
  3 orc high priests (Orc:2)
  5 orc knights (Orc:2)
  3 orc sorcerers (Orc:2)
  Joseph (D:8)
  Maurice (D:9)
  Psyche (D:9)
  5 trolls
  Grinder (D:6)
  A shadow (D:10)
  A wyvern (D:10)
  A wraith (D:10)
  A steam dragon (D:9)
  11 yaks
  Menkaure (D:4)
  2 wargs
  2 water moccasins
  Purgy (Sewer)
  2 black bears
  A sky beast (D:6)
  18 orc warriors
  2 necrophages
  4 ogres
  2 phantoms
  5 centaurs
  2 kobold brigands (D:8)
  3 bullfrogs
  4 scorpions
  4 killer bees (D:10)
  A water moccasin skeleton (D:6)
  7 wights
  A vampire bat (D:7)
  4 howler monkeys
  4 crimson imps (D:9)
  2 hounds
  Crazy Yiuf (D:6)
  12 orc priests
  4 iguanas
  Jessica (D:3)
  16 orc wizards
  Natasha (thrice) (D:3 D:4)
  A killer bee zombie (D:9)
  2 hound skeletons
  3 gnolls
  A howler monkey skeleton (D:6)
  5 adders
  2 river rats (D:5)
  A shadow imp (D:6)
  3 white imps (D:7)
  A worm (D:5)
  3 dart slugs
  47 orcs
  14 bats
  6 endoplasms
  A giant cockroach (D:1)
  3 goblins
  7 hobgoblins
  3 jackals (D:3)
  6 quokkas
  5 ball pythons
  10 frilled lizards
  18 kobolds
  4 rats
300 creatures vanquished.

Vanquished Creatures (collateral kills)
  2 foxfires (D:1)
2 creatures vanquished.

Vanquished Creatures (others)
  A wizard (D:7)
  A wight (D:9)
  An orc wizard (Orc:2)
  920 foxfires
  3 fungi (D:1)
  3 plants (D:1)
  3 withered plants
932 creatures vanquished.

Grand Total: 1234 creatures vanquished

Notes
Turn   | Place    | Note
-------+----------+-------------------------------------------
     0 | D:1      | Conn the Octopode Fire Elementalist began the quest for the
                  | Orb.
     0 | D:1      | Reached XP level 1. HP: 11/11 MP: 3/3
   137 | D:1      | Reached XP level 2. HP: 4/17 MP: 1/5
   891 | D:1      | Found a faded altar of an unknown god.
   962 | D:1      | Reached XP level 3. HP: 9/21 MP: 3/6
  1761 | D:2      | Reached XP level 4. HP: 22/27 MP: 4/8
  2017 | D:2      | Learned a level 3 spell: Conjure Flame
  2021 | D:2      | Learned a level 3 spell: Inner Flame
  2088 | D:3      | Noticed Jessica
  2098 | D:3      | Killed Jessica
  2125 | D:3      | Noticed Natasha
  2318 | D:3      | Killed Natasha
  2319 | D:3      | Reached skill level 2 in Conjurations
  2319 | D:3      | Reached XP level 5. HP: 31/31 MP: 9/9
  2678 | D:3      | Noticed Natasha
  2679 | D:3      | Found a hazy altar of Hepliaklqana.
  2700 | D:4      | Killed Natasha
  2752 | D:4      | Noticed Natasha
  2756 | D:4      | Killed Natasha
  2757 | D:4      | Reached skill level 1 in Short Blades
  3047 | D:4      | Reached XP level 6. HP: 36/36 MP: 5/11
  3066 | D:5      | Entered Level 5 of the Dungeon
  3066 | D:5      | Found Ledueraly's Armour Boutique.
  3169 | D:4      | Noticed Menkaure
  3173 | D:4      | Killed Menkaure
  3174 | D:4      | Reached skill level 3 in Conjurations
  3174 | D:4      | Reached XP level 7. HP: 41/41 MP: 4/13
  3405 | D:5      | Found a staircase to the Ecumenical Temple.
  3414 | Temple   | Entered the Ecumenical Temple
  3535 | D:5      | Found a glowing drain.
  3543 | Sewer    | Entered a sewer
  3768 | Sewer    | Noticed Purgy
  3776 | Sewer    | Killed Purgy
  3854 | D:4      | Reached skill level 5 in Fire Magic
  3957 | D:4      | Learned a level 4 spell: Flame Wave
  4063 | D:4      | Reached skill level 5 in Spellcasting
  4063 | D:4      | Reached XP level 8. HP: 47/47 MP: 10/15
  4304 | D:4      | Found a broken altar of Ashenzari.
  4374 | D:4      | Reached skill level 5 in Stealth
  4374 | D:4      | Reached skill level 4 in Conjurations
  4701 | D:5      | Found Miawno's Gadget Gallery.
  4850 | D:5      | Found a hide-covered altar of Uskayaw.
  5127 | D:5      | Found an iron altar of Okawaru.
  5540 | D:6      | Noticed a two-headed ogre
  5548 | D:6      | Killed a two-headed ogre
  5549 | D:6      | Reached skill level 5 in Conjurations
  5549 | D:6      | Reached skill level 1 in Hexes
  5549 | D:6      | Reached XP level 9. HP: 52/52 MP: 11/18
  5563 | D:6      | Identified the +1 leather armour of Analysis {rN+}
  5583 | D:6      | Found a runed translucent door.
  5704 | D:6      | Noticed Teewurst's ghost (novice DsGl)
  5840 | D:6      | Noticed Grinder
  5846 | D:6      | Killed Grinder
  5891 | D:6      | Found a runed translucent door.
  5892 | D:6      | Noticed Crazy Yiuf
  5908 | D:6      | Killed Crazy Yiuf
  6449 | D:7      | Reached skill level 6 in Conjurations
  6494 | D:7      | Found an ornate altar of the Wu Jian Council.
  6507 | D:7      | Found an opulent altar of Gozag.
  6817 | D:7      | Found a bloodstained altar of Trog.
  6820 | D:7      | Noticed a wizard
  6826 | D:7      | Killed a wizard
  7290 | D:8      | Identified the +4 rapier of Jeodie {elec, +Rage rC+ MP-9
                  | Int+3}
  7387 | D:8      | Reached XP level 10. HP: 55/57 MP: 14/20
  7624 | D:8      | Noticed a two-headed ogre
  7634 | D:8      | Killed a two-headed ogre
  7635 | D:8      | Reached skill level 7 in Conjurations
  7651 | D:8      | Noticed a two-headed ogre
  7659 | D:8      | Killed a two-headed ogre
  7746 | D:8      | Noticed Joseph
  7780 | D:8      | Learned a level 4 spell: Sticky Flame
  7786 | D:8      | Learned a level 5 spell: Fireball
  7877 | D:8      | Killed Joseph
  8349 | D:8      | Reached skill level 12 in Conjurations
  8349 | D:8      | Reached XP level 11. HP: 62/62 MP: 22/22
  8406 | D:8      | Found a glowing silver altar of Zin.
  8788 | D:9      | Noticed Psyche
  8794 | D:9      | Killed Psyche
  8807 | D:9      | Noticed Maurice
  8945 | D:9      | Killed Maurice
  9074 | D:9      | Found a blossoming altar of Fedhas.
  9362 | D:9      | Found a glowing golden altar of the Shining One.
  9753 | D:9      | Found a shimmering altar of Xom.
 10098 | D:5      | Bought a +2 hat for 208 gold pieces
 10447 | D:10     | Entered Level 10 of the Dungeon
 10531 | D:10     | Identified the +2 ring mail "Miemitsa" {rC+ Str+6 Int-3}
 10717 | D:10     | Found a sparkling altar of Nemelex Xobeh.
 10732 | D:10     | Found a staircase to the Orcish Mines.
 10795 | D:10     | Reached XP level 12. HP: 51/67 MP: 12/24
 10909 | D:10     | Found a shimmering blue altar of Sif Muna.
 10916 | D:10     | Became a worshipper of Sif Muna the Loreminder
 11076 | D:10     | Reached skill level 1 in Fighting
 11338 | D:10     | Found Veonaenu's Antique Armour Emporium.
 11869 | Orc:1    | Entered Level 1 of the Orcish Mines
 11893 | Orc:1    | Noticed Erolcha
 11900 | Orc:1    | Killed Erolcha
 11955 | Orc:1    | Reached * piety under Sif Muna
 12418 | Orc:1    | Noticed an ettin
 12426 | Orc:1    | Killed an ettin
 12427 | Orc:1    | Reached skill level 13 in Conjurations
 12528 | Orc:2    | Entered Level 2 of the Orcish Mines
 12531 | Orc:2    | Noticed a two-headed ogre
 12538 | Orc:2    | Killed a two-headed ogre
 12651 | Orc:2    | Reached ** piety under Sif Muna
 13567 | Orc:2    | Found a staircase to the Elven Halls.
 14051 | Orc:2    | Noticed an orc high priest
 14058 | Orc:2    | Killed an orc high priest
 14183 | Orc:2    | Noticed an orc high priest
 14198 | Orc:2    | Reached XP level 13. HP: 43/73 MP: 9/26
 14383 | Orc:2    | Reached *** piety under Sif Muna
 14391 | Orc:2    | Reached skill level 10 in Fire Magic
 14617 | Orc:2    | Reached skill level 10 in Spellcasting
 14744 | Orc:2    | Found Dedgh's General Store.
 14744 | Orc:2    | Found Disidirr's Magic Scroll Emporium.
 14749 | Orc:2    | Found Ocisyost's Distillery.
 14749 | Orc:2    | Found Balu's Armour Shop.
 14763 | Orc:2    | Bought the ring "Iticutes" {rElec rPois rCorr} for 554 gold
                  | pieces
 14999 | D:11     | Found a staircase to the Lair.
 15033 | D:11     | Slain by a death yak

Illustrated notes

Levels and vault maps discovered:
D:1:      lightli_arrival_flooded_house, layout_rooms,
          shapermc_ecumenical_altar_acropolis
D:2:      layout_basic
D:3:      layout_loops_ring, mainiacjoe_overflow_six_doors_small, uniq_natasha,
          uniq_jessica
D:4:      layout_rooms, mainiacjoe_overflow_alcove_1, minmay_misc_feat_cross,
          grunt_ministairs_6, uniq_menkaure
D:5:      layout_layer_cave, lemuel_doored_altar, lemuel_round_altar,
          minmay_temple_entry_stoned_glass, serial_shops, shop,
          gup_sewer_entry_bubbles, nicolae_shop_gadgets
D:6:      layout_rooms, gammafunk_ghost_grave, uniq_grinder,
          uniq_crazy_yiuf_cottage
D:7:      layout_loops_ring, nicolae_overflow_crystal_walls,
          mainiacjoe_overflow_cross_hatched, trog_wizard, st_stairs_9,
          minivault_25, eino_tiny_chamber, hex_tiny, roderic_batcave,
          kennysheep_small_circle
D:8:      layout_layer_cave, general_overflow_altar, uniq_joseph
D:9:      layout_rooms, led_xom_imps, mainiacjoe_overflow_24_doors,
          amcnicky_altar_gilded, uniq_maurice, uniq_psyche
D:10:     layout_loops_cross, nemelex_diamond_rough_becter, led_sif_book,
          orc_0_dummy, serial_shops, nicolae_shop_competitors_out_of_business
D:11:     layout_irregular_city, dpeg_lair_monsters, serial_undead,
          serial_undead_e, serial_undead_d, serial_undead_b, serial_undead_b,
          uniq_nergalle
Temple:   nicolae_temple_figure_zero
Orc:1:    layout_caves, minmay_orc_temple_a, uniq_erolcha
Orc:2:    grunt_orc_tribal_feast, layout_diamond_mine

Skill      XL: |  1  2  3  4  5  6  7  8  9 10 11 12 13 |
---------------+----------------------------------------+-----
Stealth        | 3 4 6 7 8 |  8.7
Spellcasting   | 3 4 5 6 7 8 9 10 | 10.2
Conjurations   | 2 3 5 6 12 13 | 13.9
Fire Magic     | 4 5 6 7 8 9 10 | 10.3
Short Blades   | 1 2 3 |  3.8
Hexes          | 1 2 3 4 |  4.1
Dodging        | 3 |  3.2
Fighting       | 1 |  1.3

Action                   |  1- 3 |  4- 6 |  7- 9 | 10-12 | 13-15 || total
-------------------------+-------+-------+-------+-------+-------++-------
Melee: Dagger            |    14 |    20 |    60 |    45 |     2 ||   141
       Constrict         |     4 |     6 |    12 |     9 |       ||    31
       Tentacles         |     3 |     4 |     5 |     4 |       ||    16
 Cast: Foxfire           |    51 |    69 |   147 |   272 |     8 ||   547
       Conjure Flame     |       |     1 |       |     3 |       ||     4
       Inner Flame       |       |     1 |     4 |    59 |    10 ||    74
       Flame Wave        |       |       |     2 |     1 |       ||     3
       Fireball          |       |       |       |    34 |     4 ||    38
       Sticky Flame      |       |       |       |    18 |     5 ||    23
  Use: Scroll            |     1 |     1 |     7 |    11 |       ||    20
       Potion            |       |     2 |     3 |     8 |       ||    13
 Stab: Sleeping          |       |     3 |    11 |     4 |       ||    18
       Invisible         |       |       |     1 |       |       ||     1
Armor: Skin              |     4 |     1 |    10 |    15 |       ||    30
Dodge: Dodged            |     8 |    16 |    41 |    59 |     5 ||   129

Table legend: (Time is in decaauts)
 A = Elapsed time spent in this place.
 B = Non-inter-level travel time spent in this place.
 C = Inter-level travel time spent in this place.
 D = Time resting spent in this place.
 E = Time spent auto-exploring this place.
 F = Levels seen in this place.
 G = Mean time per level.
                   A        B        C        D        E       F      G
               +--------+--------+--------+--------+--------+-----+--------+
         Total |  15045 |  14504 |    541 |   3078 |   7363 |  15 | 1003.0 |
       Dungeon |  11493 |  10981 |    512 |   1844 |   6379 |  11 | 1044.8 |
        Temple |    166 |    157 |      9 |      0 |     78 |   1 |  166.0 |
  Orcish Mines |   3117 |   3099 |     18 |   1234 |    731 |   2 | 1558.5 |
         Sewer |    267 |    267 |      0 |      0 |    175 |   1 |  267.0 |
               +--------+--------+--------+--------+--------+-----+--------+

Top non-repeatable levels by time:
     D:8: 1831 daAuts
   Orc:2: 1776 daAuts
    D:10: 1353 daAuts
   Orc:1: 1341 daAuts
     D:1: 1314 daAuts
     D:5: 1301 daAuts
     D:4: 1235 daAuts
     D:9: 1188 daAuts
     D:7: 1147 daAuts
     D:2: 879 daAuts
     D:6: 709 daAuts
     D:3: 499 daAuts
   Sewer: 267 daAuts
  Temple: 166 daAuts
    D:11: 33 daAuts
